 Dungeon Crawl Stone Soup version 0.18.1-5-g4a78601 (webtiles) character file.

49775 Ingvold the Blocker (level 14, 0/122 HPs)
             Began as a Minotaur Fighter on May 10, 2016.
             Was a High Priest of Okawaru.
             Slain by a 15-headed hydra (4 damage)
             ... on level 11 of the Dungeon.
             The game lasted 01:19:32 (13278 turns).

Ingvold the Blocker (Minotaur Fighter)             Turns: 13278, Time: 01:19:32

Health: 0/122      AC: 32    Str: 27    XL:     14   Next: 17%
Magic:  14/19      EV: 10    Int:  5    God:    Okawaru [*****.]
Gold:   1070       SH: 21    Dex: 12    Spells: 0 memorised, 13 levels left

rFire  . . .     SeeInvis .     N - +2 hand axe (vamp)
rCold  + + +     Gourm    .     H - +10 plate armour of Edduno {rC+}
rNeg   . . .     Faith    .     c - +1 shield
rPois  .         Spirit   .     (helmet restricted)
rElec  .         Dismiss  .     I - +0 cloak
rCorr  .         Reflect  +     b - +0 pair of gloves
SustAt .         Harm     .     K - +0 pair of boots of Fuchobigg {+Blink rC++ Str+3}
MR     +....                    q - +4 amulet of reflection
Stlth  ..........               s - ring of protection from cold
                                L - ring of protection from cold

@: heroism, finesse, somewhat resistant to hostile enchantments, extremely
unstealthy
A: retaliatory headbutt, horns 2
a: Heroism, Finesse, Renounce Religion, Evoke Blink


You were on level 11 of the Dungeon.
You worshipped Okawaru.
Okawaru was extremely pleased with you.
You were near starving.

You visited 3 branches of the dungeon, and saw 14 of its levels.

You collected 1250 gold pieces.
You spent 180 gold pieces at shops.

Inventory:

Hand Weapons
 e - a +0 broad axe of flaming
 N - a +2 vampiric hand axe (weapon)
 O - a +2 hand axe of freezing
Armour
 a - the +2 pair of boots "Rowac" {rElec rF+ rN+ Dex-3, unknown}
   (You found it on level 10 of the Dungeon)

   It affects your dexterity (-3).
   It protects you from fire.
   It insulates you from electricity.
   It protects you from negative energy.
 b - a +0 pair of gloves (worn)
 c - a +1 shield (worn)
 H - the +10 plate armour of Edduno (worn) {rC+}
   (You found it on level 8 of the Dungeon)

   It protects you from cold.
 I - a +0 cloak (worn)
 K - the +0 pair of boots of Fuchobigg (worn) {+Blink rC++ Str+3}
   (You bought it in a shop on level 4 of the Dungeon)

   It affects your strength (+3).
   It greatly protects you from cold.
   It lets you blink.
Jewellery
 j - an uncursed ring of stealth
 q - a +4 amulet of reflection (around neck)
 r - an uncursed amulet of magic regeneration
 s - a ring of protection from cold (right hand)
 y - an uncursed ring of see invisible
 L - a ring of protection from cold (left hand)
 P - an uncursed ring of flight
Wands
 g - a wand of slowing (40/48)
 p - a wand of acid (0/15)
 w - a wand of digging (24/24)
 B - a wand of acid (0/15)
 D - a wand of confusion (27/48)
Scrolls
 h - a scroll of enchant armour
 i - 3 scrolls of magic mapping
 m - 8 scrolls of identify
 n - 5 scrolls of remove curse
 o - a scroll of fog
 t - 3 scrolls of teleportation
 u - 2 scrolls of fear
 E - 2 scrolls of blinking
Potions
 d - a potion of might
 l - a potion of magic
 v - 2 potions of curing
 x - a potion of haste
 z - a potion of invisibility
 M - a potion of brilliance
Miscellaneous
 J - a box of beasts {used: 1}
Comestibles
 f - 8 bread rations
 k - 2 fruits
 C - 2 meat rations
 F - 2 beef jerkies
 G - 7 slices of pizza
 Q - 4 chunks of flesh


   Skills:
 + Level 10.8(15.8) Fighting
 + Level 13.1(18.1) Axes
 + Level 10.7(15.7) Armour
 + Level 14.4(19.4) Shields
 + Level 2.4(7.4) Unarmed Combat
 - Level 7.1 Invocations
 * Level 9.2 Evocations


You had 13 spell levels left.
You didn't know any spells.

Dungeon Overview and Level Annotations

Branches:
Dungeon (11/15)            Temple (1/1) D:4            Lair (0/8) D:11
    Orc (2/2) D:9             Elf (0/3) Orc:2

Altars:
Ashenzari
Cheibriados
Dithmenos
Elyvilon
Fedhas
Gozag
Kikubaaqudgha
Makhleb
Nemelex Xobeh
Okawaru
Pakellas
Qazlal
Ru
Sif Muna
Trog
Vehumet
Xom
Yredelemnul
Zin
The Shining One
Beogh

Shops:
D:4 %([   D:9 *   D:11 (}}(   Orc:1 }[   Orc:2 (:}}

Annotations:
D:10 exclusion: obsidian statue


Innate Abilities, Weirdness & Mutations

You reflexively headbutt those who attack you in melee.
You have a pair of horns on your head.


Message History

The 15-headed hydra bites you but does no damage. x2
The 15-headed hydra bites you.
* * * LOW HITPOINT WARNING * * *
The 15-headed hydra completely misses you.
The 15-headed hydra closely misses you.
The 15-headed hydra bites you but does no damage.
The 15-headed hydra bites you!
* * * LOW HITPOINT WARNING * * *
The 15-headed hydra bites you but does no damage. x2
Drink which item? (? for menu, Esc to quit)
You feel better. The 15-headed hydra closely misses you.
You block the 15-headed hydra's attack.
The 15-headed hydra bites you but does no damage.
You block the 15-headed hydra's attack. x2
The 15-headed hydra bites you but does no damage.
The 15-headed hydra bites you.
* * * LOW HITPOINT WARNING * * *
The 15-headed hydra bites you but does no damage. x2
The 15-headed hydra closely misses you. The 15-headed hydra bites you.
You die...

#.*#..#....).....##
#.*#.##.#.#)#...##§
#.*#.##.#.#.#####≈≈
#.##.##.#...#*≈≈≈≈≈
#.......#####≈≈≈≈≈≈
#.........##≈≈≈≈*#.
###.####.#.##≈≈≈*##.
#.H......#,##§§≈##.#
#.#@####.#,*#≈≈##..#
#.#D# ***,##≈≈#≈.##
#,#o#####*,#§≈≈≈≈.#*
*,#.....#*,#≈≈≈≈).#*
***+#..##.#*,##≈≈≈.§##
#.[.†))#*,**,*##≈≈§§§#
#........,,,,,,##≈≈.≈≈
#.....(##.#*,*,*##§..≈
#####...*,#*,*,* ###..


You could see a 15-headed hydra, an orc warrior and a friendly mature firebat
beast.

Vanquished Creatures
  An orc warlord (Orc:2)
  Snorg (D:9)
  Erolcha (D:9)
  Nergalle (Orc:1)
  4 orc high priests (Orc:2)
  5 skeletal warriors (D:11)
  An unseen horror (D:11)
  4 orc knights (Orc:2)
  6 orc sorcerers
  An ugly thing (D:11)
  A cyclops (D:11)
  Maurice (D:8)
  A molten gargoyle (D:11)
  4 trolls
  4 two-headed ogres (Orc:2)
  Grinder (D:3)
  2 wraiths
  4 yaks
  A wyvern (D:9)
  A human (D:7)
  Eustachio (D:6)
  A hungry ghost (D:8)
  2 hippogriffs
  19 wargs
  A water moccasin (D:8)
  Duvessa (D:5)
  42 orc warriors
  3 ice beasts
  3 sky beasts
  2 black bears
  19 ogres
  A necrophage (D:6)
  A phantom (D:5)
  4 centaurs
  A big kobold (D:10)
  A giant frog (D:7)
  2 wyvern zombies
  Dowan (D:5)
  A scorpion (D:4)
  A wyvern skeleton (D:9)
  6 killer bees (D:7)
  3 wights (D:6)
  5 lava snakes (D:11)
  3 howler monkeys
  5 crimson imps
  2 giant frog zombies
  7 hounds
  5 jellies
  41 orc priests
  A centaur skeleton (D:9)
  14 orc wizards
  A giant frog skeleton (D:8)
  4 iguanas
  Ijyb (D:3)
  8 worker ants
  Terence (D:2)
  3 sheep (D:7)
  2 hound skeletons
  3 gnolls (D:2)
  13 adders
  A shadow imp (D:9)
  2 oozes
  An adder skeleton (D:9)
  2 dart slugs
  7 giant geckos
  158 orcs
  5 giant cockroaches
  8 goblins
  10 hobgoblins
  6 jackals
  4 quokkas
  3 ball pythons
  5 bats
  A giant gecko skeleton (D:7)
  4 giant newts
  A jackal skeleton (D:6)
  13 kobolds
  7 rats
518 creatures vanquished.

Vanquished Creatures (others)
  A cyclops (Orc:2)
  A molten gargoyle (D:11)
  A centaur (D:6)
3 creatures vanquished.

Grand Total: 521 creatures vanquished

Notes
Turn   | Place    | Note
--------------------------------------------------------------
     0 | D:1      | Ingvold the Minotaur Fighter began the quest for the Orb.
     0 | D:1      | Reached XP level 1. HP: 19/19 MP: 0/0
    53 | D:1      | Reached skill level 4 in Shields
    53 | D:1      | Reached XP level 2. HP: 24/27 MP: 1/1
   542 | D:2      | Reached XP level 3. HP: 12/33 MP: 2/2
   856 | D:2      | Reached XP level 4. HP: 20/40 MP: 3/3
   964 | D:2      | Found a shimmering altar of Xom.
  1123 | D:2      | Noticed Terence
  1128 | D:2      | Killed Terence
  1133 | D:2      | Found a shadowy altar of Dithmenos.
  1136 | D:2      | Found a radiant altar of Vehumet.
  1136 | D:2      | Found an ancient bone altar of Kikubaaqudgha.
  1503 | D:3      | Noticed Ijyb
  1509 | D:3      | Reached XP level 5. HP: 46/47 MP: 4/4
  1512 | D:3      | Killed Ijyb
  1512 | D:3      | Reached skill level 5 in Armour
  1742 | D:3      | Noticed Grinder
  1745 | D:3      | Paralysed by Grinder for 4 turns
  1748 | D:3      | HP: 1/47 [Grinder (5)]
  2021 | D:3      | Killed Grinder
  2021 | D:3      | Reached skill level 5 in Shields
  2021 | D:3      | Reached XP level 6. HP: 55/55 MP: 5/5
  2393 | D:4      | Found Feyff's Food Shop.
  2469 | D:4      | Reached skill level 5 in Fighting
  2469 | D:4      | Reached skill level 6 in Shields
  2515 | D:4      | Reached XP level 7. HP: 61/61 MP: 6/6
  2578 | D:4      | Found Sosch's Antique Armour Boutique.
  2610 | D:4      | Found a runed door.
  2610 | D:4      | Noticed a human
  2614 | D:4      | Found a basalt altar of Yredelemnul.
  2724 | D:4      | Found a staircase to the Ecumenical Temple.
  2773 | Temple   | Entered the Ecumenical Temple
  2830 | Temple   | Became a worshipper of Warmaster Okawaru
  2920 | D:4      | Found Imythaci's Antique Weapon Shop.
  3209 | D:5      | Entered Level 5 of the Dungeon
  3311 | D:5      | Reached skill level 5 in Axes
  3403 | D:5      | Reached skill level 7 in Shields
  3510 | D:5      | Reached * piety under Okawaru
  3681 | D:5      | Noticed Duvessa
  3681 | D:5      | Noticed Dowan
  3688 | D:5      | Killed Duvessa
  3688 | D:5      | Reached XP level 8. HP: 56/70 MP: 4/7
  3700 | D:5      | Killed Dowan
  3700 | D:5      | Reached skill level 1 in Invocations
  3756 | D:5      | Reached skill level 1 in Evocations
  4089 | D:6      | Reached skill level 8 in Shields
  4099 | D:6      | Reached ** piety under Okawaru
  4111 | D:6      | Noticed Eustachio
  4122 | D:6      | Killed Eustachio
  4693 | D:6      | Reached XP level 9. HP: 70/75 MP: 10/10
  4808 | D:6      | Found a burning altar of Makhleb.
  5201 | D:7      | Found a shattered altar of Ashenzari.
  5317 | D:7      | Reached skill level 9 in Shields
  5355 | D:7      | Found a sacrificial altar of Ru.
  5963 | D:8      | Got an ancient plate armour
  5974 | D:8      | Identified the +10 plate armour of Edduno {rC+} (You found it on level 8 of the Dungeon)
  6061 | D:8      | Reached *** piety under Okawaru
  6063 | D:8      | Reached skill level 10 in Shields
  6170 | D:8      | Found a sparkling altar of Nemelex Xobeh.
  6314 | D:8      | Reached XP level 10. HP: 86/86 MP: 12/12
  6400 | D:8      | Noticed Maurice
  6757 | D:8      | Killed Maurice
  6876 | D:4      | Bought a pair of slimy boots for 180 gold pieces
  6881 | D:4      | Identified the cursed +0 pair of boots of Fuchobigg {+Blink rC++ Str+3} (You bought it in a shop on level 4 of the Dungeon)
  6951 | D:9      | Found a staircase to the Orcish Mines.
  6967 | D:9      | Found a roughly hewn altar of Beogh.
  7028 | D:9      | Noticed Erolcha
  7040 | D:9      | Killed Erolcha
  7040 | D:9      | Reached **** piety under Okawaru
  7040 | D:9      | Reached skill level 5 in Invocations
  7214 | D:9      | Reached skill level 5 in Evocations
  7219 | D:9      | Found Zin's Purification Station.
  7219 | D:9      | Found a glowing silver altar of Zin.
  7422 | D:9      | Found a shimmering altar of Xom.
  7805 | Orc:1    | Entered Level 1 of the Orcish Mines
  7808 | Orc:1    | Noticed Snorg
  7874 | D:9      | Killed Snorg
  7874 | D:9      | Reached skill level 11 in Shields
  8108 | Orc:1    | Reached XP level 11. HP: 94/94 MP: 14/14
  8125 | Orc:1    | Found Sigi's Gadget Boutique.
  8129 | Orc:1    | Noticed Nergalle
  8167 | Orc:1    | Killed Nergalle
  8167 | Orc:1    | Reached ***** piety under Okawaru
  8287 | Orc:1    | Found Zuoteag's Armour Emporium.
  8532 | Orc:2    | Entered Level 2 of the Orcish Mines
  8808 | Orc:2    | Reached skill level 10 in Axes
  8885 | Orc:2    | Found a roughly hewn altar of Beogh.
  8909 | Orc:2    | Noticed an orc knight
  8909 | Orc:2    | Noticed an orc sorcerer
  8922 | Orc:2    | Killed an orc sorcerer
  8928 | Orc:2    | Killed an orc knight
  8973 | Orc:2    | Noticed an orc knight
  8974 | Orc:2    | Found Tegh's Gadget Boutique.
  8987 | Orc:2    | Killed an orc knight
  8987 | Orc:2    | Received a gift from Okawaru
  9223 | Orc:2    | Found Bafronycs's Gadget Shop.
  9223 | Orc:2    | Noticed an orc knight
  9229 | Orc:2    | Killed an orc knight
  9326 | Orc:2    | Reached skill level 12 in Shields
  9430 | Orc:2    | Noticed an orc knight
  9446 | Orc:2    | Killed an orc knight
  9631 | Orc:2    | Received a gift from Okawaru
  9669 | Orc:2    | Reached ****** piety under Okawaru
  9872 | Orc:2    | Reached XP level 12. HP: 104/104 MP: 16/16
  9883 | Orc:2    | Noticed an orc warlord
  9885 | Orc:2    | Found a roughly hewn altar of Beogh.
  9933 | Orc:2    | Killed an orc warlord
  9955 | Orc:2    | Noticed an orc high priest
  9973 | Orc:2    | Killed an orc high priest
 10008 | Orc:2    | Noticed an orc high priest
 10029 | Orc:2    | Killed an orc high priest
 10074 | Orc:2    | Found Moneaf's Antique Weapon Boutique.
 10074 | Orc:2    | Noticed an orc high priest
 10422 | Orc:1    | Paralysed by an orc sorcerer for 2 turns
 10458 | Orc:1    | Found a roughly hewn altar of Beogh.
 10675 | Orc:2    | Killed an orc high priest
 10675 | Orc:2    | Received a gift from Okawaru
 10726 | Orc:2    | Noticed an orc high priest
 10727 | Orc:2    | Found Nurex's Book Shoppe.
 10738 | Orc:2    | Killed an orc high priest
 10738 | Orc:2    | Reached skill level 13 in Shields
 10822 | Orc:2    | Found a staircase to the Elven Halls.
 10884 | Orc:2    | Paralysed by an orc sorcerer for 4 turns
 10899 | Orc:2    | Reached skill level 10 in Fighting
 11263 | D:10     | Entered Level 10 of the Dungeon
 11385 | D:10     | Reached skill level 10 in Armour
 12600 | D:10     | Reached XP level 13. HP: 71/114 MP: 18/18
 12726 | D:10     | Got a pair of faintly glowing boots
 12869 | D:11     | Found Putyupau's Gadget Emporium.
 12895 | D:11     | Found a staircase to the Lair.
 12905 | D:11     | Reached skill level 14 in Shields
 12908 | D:11     | Reached XP level 14. HP: 98/122 MP: 19/19
 12995 | D:11     | Found Loacud's Weapon Emporium.
 13063 | D:11     | Found Penaeresch's Gadget Shop.
 13238 | D:11     | Found Nuxteps's Antique Weapon Boutique.
 13277 | D:11     | HP: 1/122 [15-headed hydra (8)]
 13278 | D:11     | Slain by a 15-headed hydra

Skill      XL: |  1  2  3  4  5  6  7  8  9 10 11 12 13 14 |
---------------+-------------------------------------------+-----
Shields        | 4 5 6 7 8 10 11 12 13 14 | 14.4
Fighting       | 4 5 6 7 8 9 10 | 10.8
Armour         | 4 5 6 7 8 9 10 | 10.7
Axes           | 3 4 5 6 7 9 11 12 13 | 13.1
Invocations    | 2 4 5 6 7 |  7.1
Evocations     | 2 4 5 6 8 9 |  9.2
Unarmed Combat | 2 |  2.4

Action                   |  1- 3 |  4- 6 |  7- 9 | 10-12 | 13-15 || total
-------------------------+-------+-------+-------+-------+-------++-------
Melee: War axe           |    56 |    99 |   387 |   252 |       ||   794
       Headbutt          |     6 |    18 |    60 |   262 |    75 ||   421
       Broad axe         |       |       |       |   197 |       ||   197
       Hand axe          |       |       |       |   616 |   250 ||   866
Invok: Heroism           |       |       |     5 |    16 |     2 ||    23
       Finesse           |       |       |       |     4 |     1 ||     5
Evoke: Wand              |       |       |       |     4 |     3 ||     7
       Box of beasts     |       |       |       |       |     1 ||     1
       Phantom mirror    |       |       |       |       |     1 ||     1
  Use: Scroll            |     4 |     5 |     6 |    12 |     1 ||    28
       Potion            |       |     3 |     3 |     6 |     2 ||    14
  Eat: Chunk             |       |     5 |    14 |    22 |     2 ||    43
       Pizza             |       |       |     1 |       |       ||     1
       Beef jerky        |       |       |       |     2 |       ||     2
       Royal jelly       |       |       |       |     1 |       ||     1
Armor: Scale mail        |    27 |    10 |       |       |       ||    37
       Chain mail        |       |    22 |    91 |       |       ||   113
       Plate armour      |       |       |    22 |   356 |   130 ||   508
Dodge: Dodged            |    20 |    21 |    64 |   169 |    56 ||   330
Block: Shield            |    31 |    75 |   337 |   878 |   255 ||  1576
       Reflection        |       |       |    13 |    17 |     6 ||    36
